 Dungeon Crawl Stone Soup version 0.21-a0-437-ge5bf024 (webtiles) character file.

110 Ijustatesigmund the Skirmisher (level 4, -11/34 HPs)
             Began as an Octopode Artificer on Nov 9, 2017.
             Mangled by an ogre
             ... wielding a +0 giant club
              (31 damage)
             ... on level 4 of the Dungeon.
             The game lasted 00:06:23 (3077 turns).

Ijustatesigmund the Skirmisher (Octopode Artificer) Turns: 3077, Time: 00:06:24

Health: -11/34     AC:  1    Str: 10 (11) XL:     4   Next: 91%
Magic:  6/6        EV: 13    Int: 14      God:
Gold:   134        SH:  0    Dex: 10 (12) Spells: 3/3 levels left

rFire    . . .     SeeInvis .   a - +1 short sword
rCold    . . .     Gourm    .   (no shield)
rNeg     . . .     Faith    .   (helmet restricted)
rPois    .         Spirit   .   (no amulet)
rElec    .         Reflect  .   (no ring)
rCorr    .         Harm     .   (no ring)
MR       .....                  (no ring)
Stlth    +++.......             (no ring)
HPRegen  0.11/turn              (no ring)
MPRegen  0.10/turn              (no ring)
                                (no ring)
                                (no ring)

@: no status effects
A: almost no armour, stealthy swim, amphibious, 8 rings, constrict 8, camouflage
1, gelatinous body 1
a: no special abilities


You were on level 4 of the Dungeon.
You were hungry.

You visited 1 branch of the dungeon, and saw 4 of its levels.

You collected 134 gold pieces.

Inventory:

Hand Weapons
 a - a +1 short sword (weapon)
Wands
 b - a wand of flame (15/48)
 c - a wand of enslavement (15/24)
 d - a wand of random effects (13/48)
Scrolls
 l - 2 scrolls of enchant weapon
 m - a scroll of remove curse
Potions
 g - a potion of heal wounds
Comestibles
 f - 2 bread rations
 h - 3 fruits
 j - 4 meat rations


   Skills:
 - Level 4.5 Fighting
 - Level 1.0 Short Blades
 + Level 2.0 Dodging
 + Level 1.4 Stealth
 - Level 3.2 Evocations


You had 3 spell levels left.
You didn't know any spells.

Dungeon Overview and Level Annotations

Branches:
Dungeon (4/15)
 Temple: D:4-7

Altars:

Annotations:
D:3 ohad's ghost, amateur OpTm


Innate Abilities, Weirdness & Mutations

You cannot wear most types of armour.
You are very stealthy in the water. (Stealth+)
You are amphibious.
You can wear up to eight rings at the same time.
You can use your tentacles to constrict eight enemies at once.
Your skin changes colour to match your surroundings (Stealth+).
Your rubbery body absorbs attacks. (AC +1, EV +1)


Message History

A frilled lizard comes into view.
Evoke which item? (* to show all) (? for menu, Esc to quit)
Aiming: Random Effects
Press: ? - help, Shift-Dir - straight line, f - ogre
Aim: an ogre, wielding a giant club The bolt of poison hits the ogre.
The ogre is heavily wounded.
This wand has 14 charges left.
Evoke which item? (* to show all) (? for menu, Esc to quit)
Aiming: Random Effects
Press: ? - help, Shift-Dir - straight line, f/p - ogre
Aim: an ogre, wielding a giant club (heavily wounded)
The ogre flickers and vanishes!
Deactivating autopickup; reactivate with Ctrl-A.
This wand has 13 charges left.
Something hits you!
There is a stone staircase leading down here.
Something hits you!!
Ouch! That really hurt!
You die...

Z............#############..
#.............##### #..
....#...........# ##.. ...
#=..........#######...
..###........)..##......##
.................##..(####
......................#
#..#######.......##...# #.
#@.........### .
#........### #.......##
#.###.### #.....# #######


There were no monsters in sight!

Vanquished Creatures
  A centaur skeleton (D:4)
  2 adders (D:2)
  An ooze (D:3)
  A worm (D:4)
  2 leopard geckos
  3 orcs
  2 giant cockroaches
  4 goblins
  7 hobgoblins
  2 quokkas (D:3)
  8 bats
  3 frilled lizards
  6 kobolds (D:1)
  A leopard gecko skeleton (D:4)
  8 rats
51 creatures vanquished.

Notes
Turn   | Place    | Note
-------+----------+-------------------------------------------
     0 | D:1      | Ijustatesigmund the Octopode Artificer began the quest for the Orb.
     0 | D:1      | Reached XP level 1. HP: 13/13 MP: 3/3
    80 | D:1      | Reached skill level 2 in Fighting
    80 | D:1      | Reached XP level 2. HP: 6/19 MP: 4/4
   907 | D:1      | Reached XP level 3. HP: 24/25 MP: 5/5
  1243 | D:2      | Reached skill level 3 in Fighting
  1913 | D:3      | Reached XP level 4. HP: 28/33 MP: 6/6
  2282 | D:3      | Noticed ohad's ghost (amateur OpTm)
  2627 | D:3      | Reached skill level 4 in Fighting
  3044 | D:4      | Noticed an ogre
  3077 | D:4      | Mangled by an ogre

Vault maps used:
D:1:      minmay_arrival_radiant_lines
D:2:      minmay_crystal_water
D:3:      first_bread, roderic_lattice_a

Skill      XL: |  1  2  3  4 |
---------------+-------------+-----
Fighting       | 2 3 4 |  4.5
Short Blades   | |  1.0
Dodging        | |  2.0
Stealth        | |  1.4
Evocations     | |  3.2

Action                   |  1- 3 |  4- 6 || total
-------------------------+-------+-------++-------
Melee: Short sword       |    77 |    55 ||   132
       Constrict         |    20 |    13 ||    33
       Tentacles         |    12 |     5 ||    17
Evoke: Wand              |       |     2 ||     2
  Use: Scroll            |     5 |     2 ||     7
       Potion            |     2 |     3 ||     5
 Stab: Sleeping          |     6 |     4 ||    10
  Eat: Chunk             |     3 |     1 ||     4
       Royal jelly       |       |     1 ||     1
Armor: Skin              |    11 |     5 ||    16
Dodge: Dodged            |    44 |    34 ||    78

Table legend:
 A = Spawn XP
 B = Non-spawn XP
 C = Spawn XP percentage of total XP
 D = Spawn monster count
 E = Non-spawn monster count
 F = Spawn count percentage of total count
 G = Total turns spent on level
                    A         B        C        D         E        F      G
               +---------+---------+-------+---------+---------+-------+---------
         Total |       0 |     158 |   0.0 |       0 |      51 |   0.0 |  3077
               +---------+---------+-------+---------+---------+-------+---------
           D:1 |       0 |      35 |   0.0 |       0 |      23 |   0.0 |  1116
           D:2 |       0 |      31 |   0.0 |       0 |       6 |   0.0 |   773
           D:3 |       0 |      37 |   0.0 |       0 |      17 |   0.0 |   896
           D:4 |       0 |      55 |   0.0 |       0 |       5 |   0.0 |   292
               +---------+---------+-------+---------+---------+-------+---------
